 Dungeon Crawl Stone Soup version 0.23.2-33-g5129a83 (webtiles) character file.

Game seed: 13208670789842519840

366 technought the Shield-Bearer (level 6, 0/38 HPs)
             Began as a Gargoyle Fighter on Aug 6, 2019.
             Was an Initiate of Trog.
             Slain by an orc wizard
             ... wielding a +0 dagger
              (1 damage)
             ... on level 5 of the Dungeon on Aug 7, 2019.
             The game lasted 00:08:30 (2775 turns).

technought the Shield-Bearer (Gargoyle Fighter)     Turns: 2775, Time: 00:08:30

Health: 0/38       AC: 12    Str: 25      XL:     6   Next: 68%
Magic:  6/6        EV:  6    Int:  7 (8)  God:    Trog [......]
Gold:   231        SH: 15    Dex:  9      Spells: 5/5 levels left

rFire    . . .     SeeInvis .   a - +1 long sword
rCold    . . .     Gourm    .   g - +0 large shield
rNeg     + + .     Faith    .   b - +0 scale mail
rPois    ∞         Spirit   .   (no helmet)
rElec    +         Reflect  .   (no cloak)
rCorr    .         Harm     .   (no gloves)
MR       .....                  h - +0 pair of boots
Stlth    ..........             (no amulet)
HPRegen  0.12/turn              e - +3 ring of strength
MPRegen  0.10/turn              n - ring of positive energy

@: no status effects
A: negative energy resistance 1, electricity resistance, unbreathing,
petrification resistance, rot immunity, AC +4
a: Renounce Religion


You were on level 5 of the Dungeon.
You worshipped Trog.
Trog was noncommittal.
You were not hungry.

You visited 1 branch of the dungeon, and saw 5 of its levels.

You collected 231 gold pieces.

Inventory:

Hand Weapons
 a - a +1 long sword (weapon)
Armour
 b - a +0 scale mail (worn)
 g - a +0 large shield (worn)
 h - a +0 pair of boots (worn)
Jewellery
 e - a +3 ring of strength (left hand)
 n - a ring of positive energy (right hand)
Scrolls
 j - 3 scrolls of remove curse
 l - 2 scrolls of identify
Comestibles
 f - 6 rations


   Skills:
 + Level 3.8 Fighting
 + Level 3.3 Long Blades
 + Level 4.5 Armour
 + Level 1.6 Dodging
 + Level 0.1 Stealth
 * Level 5.5 Shields


You had 5 spell levels left.
You didn't know any spells.
Your spell library was empty.

Dungeon Overview and Level Annotations

Branches:
Dungeon (5/15)
 Temple: D:4-7

Altars:
Ashenzari
Hepliaklqana
Trog
Yredelemnul
The Shining One

Annotations:
D:4 Dowan, Duvessa
D:5 Sigmund


Innate Abilities, Weirdness & Mutations

You are resistant to torment.
Your stone body is resilient. (AC +4)
You are immune to poison.
You resist negative energy. (rN+)
You are resistant to electric shocks. (rElec)
You can survive without breathing.
You are immune to petrification.
You are immune to rotting.


Message History

The leopard gecko bites you but does no damage.
You block the orc's attack. You block the orc wizard's attack.
The shadow imp barely misses you. Something hits you but does no damage.
The orc completely misses you.
You hit the orc wizard.
The orc wizard is lightly wounded.
The leopard gecko bites you but does no damage.
You block the orc's attack. Something hits you.
* * * LOW HITPOINT WARNING * * *
The orc wizard hits you but does no damage.
The orc hits you but does no damage.
The shadow imp lashes its tail.
The shadow imp hits you.
* * * LOW HITPOINT WARNING * * *
Something hits you but does no damage. You block the leopard gecko's attack.
The orc hits you but does no damage.
You miss the orc wizard.
The orc wizard is lightly wounded.
The orc wizard hits you with a +0 dagger.
You die...

######. ...%...###
#.......## #........
#.......# #...{..o#
#....{lo# #....5@o#
#....o..# #....5..#
#.......##############
#...................<#
######################


You could see an orc wizard, a crimson imp, a shadow imp, 3 orcs and a leopard
gecko.

Vanquished Creatures
  2 orc priests
  2 hounds (D:4)
  An iguana (D:4)
  Natasha (thrice) (D:2)
  3 adders
  An ooze (D:4)
  An adder skeleton (D:4)
  4 worms
  5 dart slugs
  3 leopard geckos
  9 orcs
  A ball python (D:3)
  A giant cockroach (D:4)
  10 goblins
  11 hobgoblins
  7 jackals (D:2)
  6 kobolds
  A quokka (D:4)
  3 bats
  2 frilled lizards (D:1)
  A jackal skeleton (D:4)
  A leopard gecko skeleton (D:4)
  7 rats
85 creatures vanquished.

Vanquished Creatures (others)
  Terence (D:2)
1 creature vanquished.

Grand Total: 86 creatures vanquished

Notes
Turn   | Place    | Note
-------+----------+-------------------------------------------
     0 | D:1      | technought the Gargoyle Fighter began the quest for the
                  | Orb.
     0 | D:1      | Reached XP level 1. HP: 14/14 MP: 1/1
    73 | D:1      | Reached XP level 2. HP: 19/19 MP: 2/2
   178 | D:1      | Found a shattered altar of Ashenzari.
   372 | D:1      | Reached XP level 3. HP: 24/24 MP: 3/3
   787 | D:2      | Reached skill level 4 in Shields
   809 | D:2      | Reached XP level 4. HP: 4/29 MP: 4/4
   831 | D:2      | Killed Terence
  1211 | D:2      | Found a hazy altar of Hepliaklqana.
  1242 | D:2      | Noticed Natasha
  1254 | D:2      | Killed Natasha
  1396 | D:2      | Noticed Natasha
  1404 | D:2      | Killed Natasha
  1404 | D:2      | Reached XP level 5. HP: 26/33 MP: 5/5
  1418 | D:2      | Noticed Natasha
  1429 | D:2      | Killed Natasha
  1565 | D:3      | Reached skill level 5 in Shields
  1875 | D:3      | Found a bloodstained altar of Trog.
  1880 | D:3      | Became a worshipper of Trog the Wrathful
  2024 | D:3      | Found a basalt altar of Yredelemnul.
  2033 | D:3      | Found a glowing golden altar of the Shining One.
  2170 | D:4      | Reached skill level 1 in Dodging
  2178 | D:4      | Reached XP level 6. HP: 25/38 MP: 6/6
  2711 | D:4      | Noticed Duvessa
  2712 | D:4      | Noticed Dowan
  2738 | D:5      | Entered Level 5 of the Dungeon
  2759 | D:5      | Noticed Sigmund
  2774 | D:5      | HP: 1/38 [shadow imp (2)]
  2775 | D:5      | Slain by an orc wizard

Skill      XL: |  1  2  3  4  5  6 |
---------------+-------------------+-----
Long Blades    | 2 3 |  3.3
Shields        | 4 5 |  5.5
Armour         | 4 |  4.5
Dodging        | 1 |  1.6
Fighting       | |  3.8
Stealth        | |  0.1

Action                   |  1- 3 |  4- 6 || total
-------------------------+-------+-------++-------
Melee: Long sword        |   101 |   225 ||   326
  Use: Scroll            |     2 |     6 ||     8
       Potion            |     2 |     8 ||    10
  Eat: Ration            |       |     2 ||     2
Armor: Scale mail        |    31 |   146 ||   177
Dodge: Dodged            |    12 |    74 ||    86
Block: Large shield      |    67 |   259 ||   326
       Shield            |     2 |       ||     2
       Rpst.: Long sword |     2 |    20 ||    22
